 Dungeon Crawl Stone Soup version 0.18-a0-337-g1235303 (webtiles) character file.

107 Raultor the Changer (level 4, -1/35 HPs)
             Began as a Draconian Transmuter on Nov 28, 2015.
             Slain by Raultor's ghost (2 damage)
             ... on level 3 of the Dungeon.
             The game lasted 00:04:45 (1631 turns).

Raultor the Changer (Draconian Transmuter)          Turns: 1631, Time: 00:04:45

Health: -1/35      AC:  6    Str: 14    XL:     4   Next: 57%
Magic:  7/7        EV: 12    Int: 13    God:
Gold:   122        SH:  0    Dex: 11    Spells: 1 memorised, 6 levels left

rFire  + . .     SeeInvis .       - Unarmed
rCold  x . .     Clarity  .     (armour unavailable)
rNeg   . . .     SustAt   .     (no shield)
rPois  .         Gourm    .     (helmet restricted)
rElec  .         Spirit   .     (no cloak)
rCorr  .         Warding  .     j - +0 pair of gloves
rMut   .         Stasis   .     (no boots)
MR     .....                    (no amulet)
Stlth  +.........               (no ring)
                                l - ring of fire

@: not resistant to hostile enchantments, very unstealthy
A: unfitting armour, cold-blooded, AC +5
a: no special abilities


You were on level 3 of the Dungeon.
You were hungry.

You visited 1 branch of the dungeon, and saw 3 of its levels.

You collected 122 gold pieces.

Inventory:

Missiles
 a - 56 arrows
 n - 19 arrows of frost
 p - 8 javelins (quivered)
Armour
 j - a +0 pair of gloves (worn)
Jewellery
 l - a ring of fire (left hand)
Wands
 o - a wand of flame (25)
Scrolls
 d - 4 scrolls of identify {unknown}
 g - a scroll of random uselessness {unknown}
 r - a scroll of fear {unknown}
 t - a scroll of teleportation {unknown}
Potions
 e - 3 potions of resistance {unknown}
 f - 2 potions of degeneration {unknown}
 h - a potion of ambrosia {unknown}
 i - a potion of magic {unknown}
 k - 2 potions of brilliance {unknown}
 m - a potion of poison {unknown}
 q - a potion of might {unknown}
Books
 b - a book of Changes

   Spells                             Type                      Level
   a - Beastly Appendage              Transmutation                1
   b - Sticks to Snakes               Transmutation                2
   c - Spider Form                    Transmutation/Poison         3
   d - Ice Form                       Ice/Transmutation            4
   e - Blade Hands                    Transmutation                5
Comestibles
 c - 3 bread rations
 s - 3 chunks of flesh


   Skills:
 - Level 1.1 Fighting
 - Level 1.7 Dodging
 + Level 3.9 Unarmed Combat
 - Level 2.0 Spellcasting
 * Level 4.1 Transmutations


You had 6 spell levels left.
You knew the following spells:

 Your Spells              Type           Power        Failure   Level  Hunger
a - Beastly Appendage     Trmt           ##....       6%          1    ##.....


Dungeon Overview and Level Annotations

Branches:
Dungeon (3/15)

Altars:

Annotations:
D:2 Sigmund
D:3 Raultor's ghost, amateur DrTm


Innate Abilities, Weirdness & Mutations

Your plain brown scales are hard (AC +5).
Your body does not fit into most forms of armour.
You are cold-blooded and may be slowed by cold attacks.


Message History

You hit Raultor's ghost.
Raultor's ghost is moderately damaged.
Raultor's ghost briefly looks inexplicably like a stone statue.
Raultor's ghost hits you.
* * * LOW HITPOINT WARNING * * *
You barely miss Raultor's ghost. Your punch misses Raultor's ghost.
Raultor's ghost is moderately damaged.
Raultor's ghost hits you but does no damage.
You closely miss Raultor's ghost.
Raultor's ghost is moderately damaged.
Raultor's ghost hits you but does no damage.
You hit Raultor's ghost.
Raultor's ghost is moderately damaged.
Raultor's ghost hits you.
* * * LOW HITPOINT WARNING * * *
You hit Raultor's ghost but do no damage.
Your tail-slap misses Raultor's ghost.
Raultor's ghost is moderately damaged.
Raultor's ghost hits you.
You die...

#.#..........#.##..#######.#
#.##########................
#...............##.#######.#
###############.##..######.#
#..............#.#
#(####.........#.# #.#
#.........#.# #.#
###....####.# #@# #....# #.#
#######W#### #....####'#
....W......# #.....#....
...........# #...#.#....
...........# #...#......
.............#...##.....
.............#...##.....
.............######)##+#
.............# #.##.#


You could see Raultor's ghost.

Vanquished Creatures
  An orc wizard (D:3)
  2 adders (D:3)
  An ooze (D:3)
  A worm (D:3)
  4 giant geckos
  2 orcs (D:3)
  A giant cockroach (D:1)
  6 goblins
  4 hobgoblins
  6 jackals (D:3)
  3 kobolds
  A quokka (D:2)
  6 bats
  2 giant newts
  6 rats
46 creatures vanquished.

Notes
Turn   | Place    | Note
--------------------------------------------------------------
     0 | D:1      | Raultor the Draconian Transmuter began the quest for the Orb.
     0 | D:1      | Reached XP level 1. HP: 16/16 MP: 3/3
   123 | D:1      | Reached XP level 2. HP: 23/23 MP: 5/5
   576 | D:2      | Reached XP level 3. HP: 28/28 MP: 6/6
   593 | D:2      | Noticed Sigmund
  1152 | D:3      | Reached XP level 4. HP: 25/35 MP: 5/7
  1261 | D:3      | Reached skill level 4 in Transmutations
  1593 | D:3      | Noticed Raultor's ghost (amateur DrTm)
  1630 | D:3      | HP: 1/35 [Raultor's ghost (5)]
  1631 | D:3      | Slain by Raultor's ghost

Vault maps used:
D:1:      minmay_arrival_up_and_down
D:2:      uniq_sigmund
D:3:      serial_bayou_pond_c

Action                   |  1- 3 |  4- 6 || total
-------------------------+-------+-------++-------
Melee: Unarmed           |   135 |    73 ||   208
 Cast: Beastly Appendage |     4 |     2 ||     6
 Stab: Sleeping          |     2 |       ||     2
  Eat: Chunk             |     1 |     1 ||     2
